 Dungeon Crawl Stone Soup version 0.23-a0-335-gba3dfdf (webtiles) character file.

87 Garbasso the Ogre Mage (level 4, -2/44 HPs)
             Began as an Ogre Transmuter on Oct 17, 2018.
             Slain by an adder (4 damage)
             ... on level 3 of the Dungeon.
             The game lasted 00:08:31 (2021 turns).

Garbasso the Ogre Mage (Ogre Transmuter)            Turns: 2021, Time: 00:08:31

Health: -2/44      AC:  3    Str: 14    XL:     4   Next: 51%
Magic:  2/7        EV: 10    Int: 15    God:
Gold:   82         SH:  0    Dex:  9    Spells: 3/9 levels left

rFire    + . .     SeeInvis .     - Unarmed
rCold    . . .     Gourm    .   (no shield)
rNeg     . . .     Faith    .   b - +0 robe
rPois    +         Spirit   .   (helmet restricted)
rElec    .         Reflect  .   (no cloak)
rCorr    .         Harm     .   (gloves unavailable)
MR       .....                  (boots unavailable)
Stlth    +.........             (no amulet)
HPRegen  0.14/turn              (no ring)
MPRegen  0.10/turn              (no ring)

@: very slightly contaminated
A: large, unfitting armour, fire resistance 1, low mp 1, poison resistance,
tough skin 1
a: no special abilities


You were on level 3 of the Dungeon.
You were not hungry.

You visited 1 branch of the dungeon, and saw 3 of its levels.

You collected 82 gold pieces.

Inventory:

Missiles
 a - 22 arrows
 k - 7 tomahawks (quivered)
Armour
 b - a +0 robe (worn)
Scrolls
 e - a scroll of identify {unknown}
 g - a scroll of amnesia {unknown}
 j - 2 scrolls of fear {unknown}
 l - a scroll of enchant weapon {unknown}
 n - a scroll of immolation {unknown}
Potions
 c - 2 potions of heal wounds {unknown}
 h - 2 potions of lignification {unknown}
 i - a potion of might {unknown}
Comestibles
 d - 3 rations
 m - 3 chunks of flesh


   Skills:
 + Level 2.9 Fighting
 - Level 1.7 Dodging
 - Level 3.0 Unarmed Combat
 + Level 3.1 Spellcasting
 + Level 2.6 Transmutations
 * Level 1.1 Poison Magic


You had 3 spell levels left.
You knew the following spells:

 Your Spells              Type           Power        Failure   Level  Hunger
a - Beastly Appendage     Tmut           ##....       7%          1    #......
b - Sticks to Snakes      Tmut           ##......     10%         2    ##.....
c - Spider Form           Tmut/Pois      #.........   26%         3    ###....

Your spell library contained the following spells:

 Spells                   Type           Power        Failure   Level  Hunger
 Ice Form                 Ice/Tmut       #.......     75%         4    #####..
 Blade Hands              Tmut           ##........   88%         5    ######.


Dungeon Overview and Level Annotations

Branches:
Dungeon (3/15)

Altars:


Innate Abilities, Weirdness & Mutations

You are too large for most types of armour.
You have tough skin. (AC +1)
Your flesh is heat resistant. (rF+)
Your magical capacity is low. (-10% MP)
Your system is resistant to poisons. (rPois)


Message History

The adder bites your ball python.
Your ball python dies!
Your ball python bites the adder.
The adder dies!
The adder bites you.
* * * LOW HITPOINT WARNING * * *
Your ball python bites the adder.
Your ball python misses the adder.
The adder bites you.
* * * LOW HITPOINT WARNING * * *
Your ball python closely misses the adder.
Your ball python grabs the adder.
Your ball python constricts the adder.
The adder struggles to escape constriction.
Your ball python bites the adder.
Your ball python constricts the adder.
The adder struggles to escape constriction.
The adder escapes!
The adder bites you but does no damage.
Your ball python closely misses the adder. x2
Found a scroll labeled HUNTEPN GUTU.
The adder bites you.
You die...

#..≈#≈#S#≈#≈≈≈≈#
#.≈≈≈≈#≈≈S≈≈#
##..÷#≈#≈#####
##...≈≈≈#≈≈
#....(#≈####
#....≈≈≈#
#..S..≈≈#
#..S.##..$
#..@.##...#
#....##...#
#.........#
#........
#.?........
#..........
#..........
#######....


You could see an adder and a friendly ball python.

Vanquished Creatures
  3 adders (D:2)
  A river rat (D:3)
  A worm (D:3)
  2 giant cockroaches
  3 goblins
  A hobgoblin (D:1)
  3 jackals
  5 kobolds
  4 bats
  3 frilled lizards (D:2)
  3 rats
29 creatures vanquished.

Vanquished Creatures (collateral kills)
  2 adders
  2 river rats (D:3)
  A kobold (D:2)
  A rat (D:2)
6 creatures vanquished.

Grand Total: 35 creatures vanquished

Notes
Turn   | Place    | Note
-------+----------+-------------------------------------------
     0 | D:1      | Garbasso the Ogre Transmuter began the quest for the Orb.
     0 | D:1      | Reached XP level 1. HP: 19/19 MP: 3/3
   476 | D:1      | Reached XP level 2. HP: 22/28 MP: 3/5
   539 | D:1      | Learned a level 2 spell: Sticks to Snakes
  1109 | D:2      | Reached XP level 3. HP: 36/36 MP: 5/7
  1141 | D:2      | Learned a level 3 spell: Spider Form
  1173 | D:2      | Gained mutation: Your magical capacity is low. (-10% MP)
                  | [potion of mutation]
  1173 | D:2      | Gained mutation: Your system is resistant to poisons.
                  | (rPois) [potion of mutation]
  1173 | D:2      | Gained mutation: Your flesh is heat resistant. (rF+)
                  | [potion of mutation]
  1851 | D:3      | Reached XP level 4. HP: 32/44 MP: 1/7
  1981 | D:3      | Reached skill level 1 in Poison Magic
  2007 | D:3      | HP: 2/44 [adder (3)]
  2015 | D:3      | HP: 1/44 [adder (2)]
  2021 | D:3      | Slain by an adder

Vault maps used:
D:1:      dpeg_arrival_shelter, kennysheep_nondescript,
          hangedman_decor_clover_reticule
D:2:      first_ration, serial_bayou_crossing
D:3:      lightli_sewer_entry_pipes, okawaru_ov_weapons_minmay

Skill      XL: |  1  2  3  4 |
---------------+-------------+-----
Unarmed Combat | 3 |  3.0
Fighting       | 2 |  2.9
Transmutations | 2 |  2.6
Spellcasting   | 3 |  3.1
Poison Magic   | 1 |  1.1
Dodging        | |  1.7

Action                   |  1- 3 |  4- 6 || total
-------------------------+-------+-------++-------
Melee: Unarmed           |   110 |    25 ||   135
       Kick              |     5 |       ||     5
       Headbutt          |     1 |       ||     1
       Punch             |     1 |     1 ||     2
Throw: Tomahawk          |     2 |       ||     2
 Cast: Beastly Appendage |    13 |       ||    13
       Sticks to Snakes  |     4 |     5 ||     9
       Spider Form       |     2 |     1 ||     3
  Use: Potion            |     2 |       ||     2
       Scroll            |       |     1 ||     1
 Stab: Sleeping          |     2 |       ||     2
  Eat: Chunk             |     4 |     1 ||     5
Armor: Robe              |    42 |     6 ||    48
       Skin              |     1 |     1 ||     2
Dodge: Dodged            |    85 |    24 ||   109

Table legend:
 A = Non-vault XP
 B = Vault XP
 C = Vault XP percentage of total XP
 D = Non-vault monster count
 E = Vault monster count
 F = Vault count percentage of total count
                 A         B        C        D         E       F
            +---------+---------+-------+---------+---------+-------
      Total |      79 |      46 |  36.8 |      28 |       7 |  20.0
            +---------+---------+-------+---------+---------+-------
        D:1 |      16 |       0 |   0.0 |      10 |       0 |   0.0
        D:2 |      63 |       0 |   0.0 |      18 |       0 |   0.0
        D:3 |       0 |      46 | 100.0 |       0 |       7 | 100.0
            +---------+---------+-------+---------+---------+-------
